AoeStats
← Mauser5339

Golden Pit

508882045Analyzed
1v1 RM · 8d ago on Sep 24, 2026· 46m 38s· 2 players
Game mode
Random Map
Map size
Tiny (2 player)
Population
200
Speed
Normal
Resources
Standard
Victory
Conquest
Starting age
Dark Age
Ending age
Imperial Age
RankedLock teamsTeams togetherTeam positionsShared explorationLock speedFull tech treeHidden civsTurbo modeCheats
Victory
Defeat
🇪🇸 Gurjaras · Spain
1136
+17
🇦🇷 Bengalis · Argentina
1159
-17
dvallvaz
4:00 Loom
10:22 Feudal Age
11:35 Double-Bit Axe
19:48 Castle Age
19:11 Scale Barding Armor
21:09 Bloodlines
29:11 Forging
30:57 Husbandry
32:13 Chain Barding Armor
37:00 Imperial Age
34:16 Town Watch
37:26 Light Cavalry
37:54 Elite Shrivamsha Rider
39:59 Wheelbarrow
45:40 Plate Barding Armor
Mauser5339
7:41 Loom
10:01 Feudal Age
12:14 Double-Bit Axe
21:22 Castle Age
19:48 Fletching
20:12 Gold Mining
20:03 Horse Collar
20:41 Padded Archer Armor
21:54 Town Watch
29:48 Bodkin Arrow
32:08 Redemption
33:50 Stone Mining
34:31 Atonement
36:41 Ballistics
37:34 Wheelbarrow
37:16 Leather Archer Armor
37:43 Paiks
38:55 Hand Cart
40:58 Bloodlines
42:25 Husbandry
45:40 Imperial Age
45:01 Bow Saw
Connection lost

Rejoining the realm…

Still unreachable

The connection could not be restored.

Session expired

The server has moved on; the page needs a fresh start.